 Dungeon Crawl Stone Soup version 0.21-a0-278-ga722497 (webtiles) character file.

24 vishdafish the Skirmisher (level 2, -2/24 HPs)
             Began as a Demonspawn Fighter on Sept 22, 2017.
             Slain by a worm (8 damage)
             ... on level 2 of the Dungeon.
             The game lasted 00:00:42 (531 turns).

vishdafish the Skirmisher (Demonspawn Fighter)       Turns: 531, Time: 00:00:43

Health: -2/24      AC:  6    Str: 21    XL:     2   Next: 79%
Magic:  2/2        EV:  7    Int:  9    God:
Gold:   0          SH:  9    Dex: 12    Spells: 1/1 levels left

rFire    . . .     SeeInvis .   a - +0 long sword
rCold    . . .     Gourm    .   c - +0 shield
rNeg     . . .     Faith    .   b - +0 scale mail
rPois    .         Spirit   .   (no helmet)
rElec    .         Reflect  .   (no cloak)
rCorr    .         Harm     .   (no gloves)
MR       .....                  (no boots)
Stlth    ..........             (no amulet)
HPRegen  0.08/turn              (no ring)
MPRegen  0.08/turn              (no ring)

@: mighty
A: spiny 1
a: no special abilities


You were on level 2 of the Dungeon.
You were not hungry.

You visited 1 branch of the dungeon, and saw 2 of its levels.

Inventory:

Hand Weapons
 a - a +0 long sword (weapon)
Armour
 b - a +0 scale mail (worn)
 c - a +0 shield (worn)
Scrolls
 e - a scroll of blinking {unknown}
 g - a scroll of random uselessness {unknown}
 j - a scroll of amnesia {unknown}
 k - 2 scrolls of remove curse {unknown}
 l - 3 scrolls of identify {unknown}
Potions
 h - a potion of curing {unknown}
Comestibles
 f - a bread ration
 i - a fruit


   Skills:
 + Level 3.4 Fighting
 + Level 1.9 Long Blades
 + Level 3.0 Armour
 + Level 0.1 Dodging
 + Level 2.9 Shields


You had one spell level left.
You didn't know any spells.

Dungeon Overview and Level Annotations

Branches:
Dungeon (2/15)

Altars:
Wu Jian


Innate Abilities, Weirdness & Mutations

You are partially covered in sharp spines.


Message History

You are too injured to fight recklessly!
You are too injured to fight recklessly!
You are too injured to fight recklessly!
You are too injured to fight recklessly!
You are too injured to fight recklessly!
You are too injured to fight recklessly!
You are too injured to fight recklessly!
A worm is nearby!
You hit the worm.
The worm is lightly wounded.
The worm bites you.
* * * LOW HITPOINT WARNING * * *
You hit the worm.
The worm is lightly wounded.
Okay, then.
Drop what? 12/52 slots (_ for help) (? for menu, Esc to quit)
Okay, then.
You feel very mighty all of a sudden. The worm is struck by your spines.
The worm bites you!
You die...

#.# #..# ######...##
#.#####..###.........#
.....†..........#...
.###'###..##.##.# .
#.# #..##.##.## . #.#
#..##.###.###.# . ._#
#..##.####...# .
#.###..##.#...##.###.
. #.#
#.......#@....... #+#
#..##.#..w##.###.
...## ###.# # #.# [..
#.# ..# #.#


You could see a worm.

Vanquished Creatures
  An ooze (D:1)
  2 worms (D:2)
  A giant cockroach (D:2)
  3 goblins
  3 jackals (D:1)
  A kobold (D:1)
  A bat (D:2)
  A rat (D:2)
13 creatures vanquished.

Notes
Turn   | Place    | Note
-------+----------+-------------------------------------------
     0 | D:1      | vishdafish the Demonspawn Fighter began the quest for the Orb.
     0 | D:1      | Reached XP level 1. HP: 18/18 MP: 1/1
    83 | D:1      | Gained mutation: You are partially covered in sharp spines. [demonic ancestry]
    83 | D:1      | Reached XP level 2. HP: 11/24 MP: 2/2
   510 | D:2      | Found an ornate altar of the Wu Jian Council.
   531 | D:2      | Slain by a worm

Vault maps used:
D:1:      nagdon_arrival_double_spiral
D:2:      lemuel_doored_altar, bloody_trog, old_standard_altar

Skill      XL: |  1  2 |
---------------+-------+-----
Armour         | 3 |  3.0
Fighting       | |  3.4
Long Blades    | |  1.9
Dodging        | |  0.1
Shields        | |  2.9

Action                   || total
-------------------------++-------
Melee: Long sword        ||    47
  Use: Potion            ||     1
Armor: Scale mail        ||    23
Dodge: Dodged            ||    14
Block: Shield            ||    16
       Rpst.: Long sword ||     6

Table legend:
 A = Spawn XP
 B = Non-spawn XP
 C = Spawn XP percentage of total XP
 D = Spawn monster count
 E = Non-spawn monster count
 F = Spawn count percentage of total count
 G = Total turns spent on level
                    A         B        C        D         E        F      G
               +---------+---------+-------+---------+---------+-------+---------
         Total |       0 |      35 |   0.0 |       0 |      13 |   0.0 |   531
               +---------+---------+-------+---------+---------+-------+---------
           D:1 |       0 |      17 |   0.0 |       0 |       6 |   0.0 |   434
           D:2 |       0 |      18 |   0.0 |       0 |       7 |   0.0 |    97
               +---------+---------+-------+---------+---------+-------+---------
